Map: Ascension to Aiur LE

Players

Yata

  • Race: Zerg Zerg
  • League: Silver
  • Spawn Location: 11:00

A.I. 1 (Very Hard) - Winner!

  • Race: Protoss Protoss
  • Spawn Location: 5:00

VOD

Have the link to the VOD?

Description

Time

  • Played on: July 16, 2017, 4:25 p.m.
  • Length: 11:16
Show
View Real Time Build Order
Export as new Build Order

Yata Zerg 

Build Orders: Hatch First 

Get SALT Encoding   

  12  0:03  Drone  
  13  0:12  Overlord  
  13  0:19  Drone  
  14  0:31  Drone  
  14  0:32  Drone  
  16  0:38  Drone  
  17  0:56  Hatchery  
  16  1:03  Drone x2  
  18  1:10  Extractor  
  17  1:22  Spawning Pool  
  16  1:28  Drone x2  
  16  1:30  Drone  
  19  1:41  Overlord  
  19  2:04  Drone x2  
  21  2:10  Queen  
  21  2:11  Queen  
  21  2:15  Metabolic Boost  
  25  2:19  Zergling x4  
  27  2:28  Drone x2  
  29  2:31  Drone  
  29  2:34  Overlord  
  30  2:41  Overlord  
  30  2:46  Drone  
  31  2:59  Drone  
  31  3:00  Drone  
  34  3:05  Drone  
  34  3:13  Queen  
  36  3:20  Hatchery  
  35  3:34  Drone x3  
  35  3:35  Drone x3  
  41  3:59  Baneling Nest  
  40  4:06  Pneumatized Carapace  
  40  4:15  Drone x2  
  40  4:30  Drone x10  
  50  4:32  Overlord  
  50  4:51  Zergling x4  
  50  4:52  Zergling x12  
  58  5:05  Queen  
  58  5:06  Queen  
  60  5:07  Queen  
  64  5:31  Zergling x2  
  64  5:32  Zergling x2  
  66  5:38  Overlord x3  
  66  5:39  Overlord  
  62  6:00  Zergling x12  
  62  6:01  Zergling x8  
  72  6:04  Baneling x2  
  72  6:05  Baneling x5  
  72  6:18  Lair  
  72  6:36  Hatchery  
  71  6:55  Baneling  
  71  6:56  Baneling x6  
  71  6:57  Baneling x2  
  71  6:59  Zergling x2  
  71  7:00  Zergling x32  
  88  7:06  Drone  
  89  7:18  Centrifical Hooks  
  89  7:24  Evolution Chamber  
  70  7:52  Zergling x2  
  70  7:53  Zergling x20  
  70  8:31  Spire  
  69  9:06  Zerg Melee Weapons Level 1  
  69  9:14  Zergling x2  
  69  9:15  Zergling x36  
  88  9:25  Overlord  
  88  9:26  Overlord x2  
  88  9:29  Zergling x2  
  88  9:30  Zergling x10  
  94  9:40  Baneling x4  
  94  9:43  Queen  
  94  9:44  Queen  
  98  9:46  Queen x2  
  98  9:51  Drone  
  98  9:52  Drone x10  
  113  9:59  Extractor  
  112  10:02  Extractor  
  112  10:06  Extractor  
  110  10:08  Baneling  
  110  10:09  Baneling  
  110  10:11  Baneling  
  110  10:12  Baneling  
  108  10:32  Queen  
  110  10:49  Baneling x11  
  110  10:50  Baneling  
  110  10:53  Baneling  
  110  10:57  Overlord x4  
Show
View Real Time Build Order
Export as new Build Order

A.I. 1 (Very Hard) Protoss - Winner!

Build Orders: 1 Gate Expand, Zealot Archon 

Get SALT Encoding   

  12  0:01  Probe (Chrono Boost)  
  13  0:11  Probe (Chrono Boost)  
  14  0:20  Pylon  
  14  0:22  Probe (Chrono Boost)  
  15  0:39  Probe (Chrono Boost)  
  16  0:47  Assimilator  
  16  0:49  Probe (Chrono Boost)  
  17  0:50  Gateway  
  17  1:00  Probe (Chrono Boost)  
  17  1:01  Pylon  
  18  1:10  Probe (Chrono Boost)  
  19  1:21  Probe (Chrono Boost)  
  20  1:31  Probe (Chrono Boost)  
  21  1:39  Nexus  
  21  1:42  Probe (Chrono Boost)  
  21  1:44  Zealot  
  24  1:54  Probe (Chrono Boost)  
  25  2:02  Cybernetics Core  
  25  2:12  Gateway  
  25  2:20  Pylon  
  25  2:21  Zealot  
  25  2:27  Probe (Chrono Boost)  
  28  2:34  Warp Gate  
  28  2:39  Assimilator, Probe (Chrono Boost)  
  29  2:47  Adept  
  29  2:50  Probe (Chrono Boost)  
  32  2:57  Probe (Chrono Boost)  
  32  2:58  Adept  
  33  3:05  Pylon  
  36  3:06  Probe (Chrono Boost)  
  36  3:12  Adept  
  38  3:22  Probe (Chrono Boost)  
  38  3:23  Stalker  
  38  3:25  Probe (Chrono Boost)  
  42  3:33  Probe (Chrono Boost)  
  43  3:36  Probe (Chrono Boost)  
  43  3:40  Robotics Facility  
  44  3:45  Probe (Chrono Boost)  
  44  3:47  Probe (Chrono Boost)  
  45  3:49  Adept  
  47  3:56  Adept, Probe (Chrono Boost)  
  47  3:59  Probe (Chrono Boost)  
  51  4:08  Probe (Chrono Boost)  
  53  4:10  Pylon, Probe (Chrono Boost)  
  53  4:19  Probe (Chrono Boost)  
  53  4:22  Probe (Chrono Boost)  
  53  4:23  Stalker  
  55  4:27  Immortal  
  55  4:30  Probe (Chrono Boost)  
  62  4:31  Pylon  
  62  4:33  Probe (Chrono Boost)  
  62  4:37  Stalker  
  65  4:41  Probe (Chrono Boost)  
  65  4:45  Probe (Chrono Boost)  
  67  4:49  Robotics Facility  
  67  4:52  Probe (Chrono Boost)  
  68  4:59  Stalker  
  70  5:02  Immortal  
  70  5:03  Probe (Chrono Boost)  
  70  5:04  Probe (Chrono Boost)  
  76  5:11  Pylon  
  76  5:15  Pylon  
  76  5:18  Stalker  
  78  5:25  Twilight Council  
  78  5:28  Sentry  
  78  5:29  Assimilator  
  78  5:30  Probe (Chrono Boost)  
  78  5:31  Probe (Chrono Boost)  
  81  5:38  Assimilator  
  81  5:41  Probe (Chrono Boost)  
  82  5:45  Pylon  
  82  5:51  Probe (Chrono Boost)  
  82  5:52  Probe (Chrono Boost)  
  82  5:54  Gateway  
  84  6:02  Probe (Chrono Boost)  
  84  6:03  Zealot, Probe (Chrono Boost)  
  88  6:04  Templar Archives  
  88  6:11  Pylon  
  88  6:28  Forge  
  88  6:29  Pylon  
  88  6:30  Nexus  
  88  6:31  Stalker  
  90  6:36  Stalker  
  92  6:50  Stalker  
  92  6:51  High Templar, Forge  
  96  6:56  Sentry  
  98  7:06  Protoss Ground Weapons Level 1, Gateway  
  98  7:09  Observer  
  98  7:10  Stalker, Photon Cannon  
  98  7:13  Pylon  
  101  7:18  High Templar  
  101  7:22  Sentry  
  105  7:31  Warp Prism  
  105  7:32  Zealot  
  105  7:34  Archon  
  109  7:40  Pylon  
  109  7:43  Zealot, Probe x2 (Chrono Boost)  
  106  7:49  Zealot  
  91  7:51  Zealot  
  91  7:55  Probe x2 (Chrono Boost)  
  91  8:01  High Templar  
  91  8:02  Zealot  
  96  8:07  Probe (Chrono Boost)  
  96  8:08  Probe (Chrono Boost)  
  96  8:09  Sentry  
  96  8:10  High Templar  
  101  8:13  Nexus  
  101  8:16  Pylon  
  101  8:19  Probe (Chrono Boost)  
  103  8:20  Probe (Chrono Boost)  
  103  8:21  Adept, Assimilator  
  103  8:25  Assimilator  
  105  8:30  Probe (Chrono Boost)  
  105  8:31  Adept, Zealot  
  105  8:32  Probe (Chrono Boost)  
  105  8:33  Archon  
  111  8:40  Sentry  
  111  8:41  High Templar, Probe (Chrono Boost)  
  116  8:43  Probe (Chrono Boost)  
  117  8:50  Stalker  
  117  8:51  Stalker  
  117  8:53  Probe (Chrono Boost)  
  117  8:55  Probe (Chrono Boost)  
  123  9:01  Pylon  
  123  9:03  Stalker  
  123  9:05  Protoss Ground Armor Level 1  
  123  9:06  Probe x2 (Chrono Boost)  
  127  9:12  High Templar, Stalker  
  127  9:16  Stalker  
  134  9:17  Probe (Chrono Boost)  
  134  9:23  Pylon  
  134  9:25  Stalker  
  136  9:31  Archon  
  136  9:33  Stalker  
  138  9:38  Zealot  
  138  9:42  High Templar  
  138  9:45  Photon Cannon  
  142  9:46  Zealot  
  142  9:47  Photon Cannon  
  142  9:50  Photon Cannon  
  142  9:51  Pylon  
  144  9:55  Zealot  
  144  9:57  Zealot  
  144  9:59  Immortal  
  148  10:04  Zealot  
  154  10:07  Immortal  
  154  10:12  Zealot  
  154  10:13  Zealot  
  162  10:15  Pylon, Zealot  
  164  10:23  Stalker  
  164  10:25  Photon Cannon  
  164  10:27  Photon Cannon  
  166  10:30  High Templar  
  166  10:34  Zealot, Stalker  
  172  10:37  Pylon, Observer  
  172  10:42  Archon  
  173  10:45  Observer, High Templar  
  176  10:52  Gateway  
  176  10:53  Adept  
  176  10:54  Nexus  
  176  10:56  Stalker  
  180  11:00  High Templar  
  180  11:03  Pylon  
  158  11:12  Zealot  
  158  11:15  Sentry  
Tags
 
Add a new tag
Caveats
  • Supply blocks, unpowered buildings, or Contaminate may cause inaccurate times.
  • Supply counts are checked every 10 seconds.